AoeStats
← LuchoPai

Hill Fort

505142217Analyzed
4v4 RM · 23d ago on Sep 8, 2026· 101m 9s· 8 players
Game mode
Random Map
Map size
Large (8 player)
Population
200
Speed
Normal
Resources
Standard
Victory
Conquest
Starting age
Dark Age
Ending age
Imperial Age
RankedLock teamsTeams togetherTeam positionsShared explorationLock speedFull tech treeHidden civsTurbo modeCheats
Victory
Defeat
🇨🇱 Malay · Chile
957
+26
🇨🇱 Britons · Chile
903
+17
🇨🇱 Burgundians · Chile
902
+17
🇨🇱 Koreans · Chile
896
+17
🇺🇸 Romans · United States
950
-18
🇺🇸 Aztecs · United States
948
-17
🇺🇸 Bulgarians · United States
903
-16
🇺🇸 Bohemians · United States
896
-39
Hunterkiller
11:01 Feudal Age
16:28 Castle Age
14:57 Double-Bit Axe
15:31 Fletching
20:23 Crossbowman
21:32 Horse Collar
23:18 Bodkin Arrow
25:57 Stone Mining
25:57 Gold Mining
28:35 Ballistics
42:31 Heavy Plow
43:09 Yeomen
47:21 Imperial Age
47:41 Elite Longbowman
50:12 Chemistry
50:11 Bracer
50:11 Padded Archer Armor
64:49 Caravan
64:52 Elite Skirmisher
79:44 Bow Saw
83:50 Siege Engineers
98:27 Spies/Treason
101:01 Wheelbarrow
LuchoPai
9:18 Loom
11:03 Feudal Age
17:12 Double-Bit Axe
21:42 Wheelbarrow
25:05 Castle Age
23:18 Scale Barding Armor
25:30 Bow Saw
26:43 Pikeman
27:08 Horse Collar
29:49 Husbandry
31:46 Forging
41:57 Imperial Age
42:25 Elite Skirmisher
44:16 Fletching
45:01 Iron Casting
44:28 Padded Archer Armor
44:37 Gold Mining
49:26 Bodkin Arrow
49:47 Leather Archer Armor
50:32 Blast Furnace
50:11 Gold Shaft Mining
49:59 Hand Cart
51:09 Conscription
50:57 Forced Levy
50:46 Town Watch
53:21 Bracer
55:18 Ring Archer Armor
55:31 Elite Battle Elephant
56:29 Thumb Ring
67:02 Light Cavalry
69:16 Chemistry
68:37 Ballistics
68:17 Murder Holes
71:04 Treadmill Crane
70:54 Elite Karambit Warrior
cabronXone
0:35 Loom
12:21 Feudal Age
16:33 Double-Bit Axe
19:05 Town Watch
23:36 Castle Age
21:55 Stone Mining
21:56 Gold Mining
21:59 Fletching
22:10 Scale Mail Armor
22:21 Forging
22:17 Scale Barding Armor
26:28 Stone Shaft Mining
29:26 Siphons
29:21 Bodkin Arrow
30:02 Iron Casting
30:43 Horse Collar
33:29 Husbandry
36:59 Wheelbarrow
40:45 Ballistics
45:38 Eupseong
48:13 Imperial Age
46:02 Hand Cart
48:22 Squires
47:43 Pikeman
48:10 Arson
49:26 Bow Saw
50:10 Coinage
49:40 Caravan
53:36 Chemistry
53:09 Halberdier
55:07 Bracer
54:32 Elite War Wagon
59:55 Light Cavalry
63:51 Gambesons
63:26 Man-at-Arms
63:40 Elite Skirmisher
64:29 Thumb Ring
63:44 Crossbowman
64:09 Long Swordsman
64:55 Cavalier
81:27 Shinkichon
81:58 Hussar
86:25 Heavy Plow
88:29 Two-Man Saw
87:55 Chain Barding Armor
87:50 Chain Mail Armor
87:50 Capped Ram
95:43 Two-Handed Swordsman
96:16 Arbalester
98:12 Champion
100:21 Plate Mail Armor
cruzadometalero
5:18 Loom
7:25 Double-Bit Axe
9:56 Horse Collar
11:53 Feudal Age
14:45 Bow Saw
25:05 Castle Age
23:16 Gold Mining
23:31 Heavy Plow
24:10 Stone Mining
25:16 Scale Barding Armor
25:22 Forging
25:45 Cavalier
26:50 Husbandry
28:02 Gold Shaft Mining
28:48 Chain Barding Armor
29:04 Iron Casting
29:09 Wheelbarrow
28:20 Town Watch
30:11 Crop Rotation
31:11 Burgundian Vineyards
38:50 Hand Cart
42:44 Imperial Age
42:41 Murder Holes
43:07 Ballistics
43:46 Caravan
45:01 Plate Barding Armor
45:27 Blast Furnace
44:18 Fletching
45:27 Padded Archer Armor
46:32 Two-Man Saw
45:02 Paladin
46:55 Chemistry
50:58 Leather Archer Armor
chris_koehnlein
2:35 Loom
16:18 Feudal Age
17:00 Horse Collar
17:08 Double-Bit Axe
18:09 Wheelbarrow
17:20 Town Watch
22:43 Padded Archer Armor
22:43 Scale Mail Armor
30:03 Castle Age
31:07 Heavy Plow
35:54 Bow Saw
35:25 Pikeman
36:06 Squires
35:52 Arson
38:51 Wagenburg Tactics
42:21 Hand Cart
46:09 Fortified Wall
45:39 Treadmill Crane
46:10 Masonry
45:58 Murder Holes
49:28 Guard Tower
49:58 Ballistics
50:40 Chemistry
53:53 Imperial Age
51:57 Caravan
55:53 Siege Engineers
56:06 Man-at-Arms
58:03 Elite Hussite Wagon
58:19 Sappers
64:06 Conscription
75:05 Architecture
77:33 Fletching
77:53 Forging
77:49 Scale Barding Armor
80:59 Two-Man Saw
83:35 Iron Casting
88:52 Town Patrol
Broseph Stylin
11:42 Feudal Age
14:28 Wheelbarrow
13:56 Double-Bit Axe
14:52 Man-at-Arms
15:42 Arson
16:37 Horse Collar
21:23 Gold Mining
21:24 Stone Mining
24:26 Castle Age
23:15 Scale Mail Armor
23:25 Forging
25:22 Bow Saw
25:16 Heavy Plow
25:28 Squires
25:13 Gambesons
25:54 Chain Mail Armor
26:05 Eagle Warrior
30:40 Iron Casting
31:39 Fervor
32:17 Gold Shaft Mining
34:25 Stone Shaft Mining
39:40 Imperial Age
39:28 Murder Holes
41:24 Elite Jaguar Warrior
43:03 Plate Mail Armor
44:04 Garland Wars
46:04 Blast Furnace
45:48 Caravan
46:25 Loom
46:26 Town Watch
49:51 Crop Rotation
50:00 Elite Eagle Warrior
53:05 Pikeman
58:11 Fletching
58:22 Padded Archer Armor
61:12 Hand Cart
61:06 Town Patrol
76:12 Bodkin Arrow
76:33 Leather Archer Armor
76:08 Arrowslits
76:36 Fortified Wall
77:28 Chemistry
76:49 Ballistics
StrawTrash
5:27 Loom
10:07 Feudal Age
13:00 Forging
14:12 Scale Mail Armor
16:19 Wheelbarrow
22:38 Castle Age
21:49 Double-Bit Axe
22:13 Scale Barding Armor
23:54 Bow Saw
25:54 Horse Collar
29:01 Bloodlines
31:31 Hand Cart
34:40 Husbandry
35:32 Chain Barding Armor
35:50 Iron Casting
37:12 Stone Mining
37:15 Gold Mining
38:30 Fletching
40:33 Ballistics
40:09 Murder Holes
43:09 Imperial Age
41:01 Bodkin Arrow
43:17 Elite Konnik
45:46 Heavy Plow
48:20 Town Watch
50:31 Stirrups
53:24 Blast Furnace
52:26 Bracer
53:02 Plate Barding Armor
62:13 Stone Shaft Mining
62:17 Gold Shaft Mining
64:37 Chain Mail Armor
66:32 Chemistry
65:32 Light Cavalry
67:40 Masonry
67:42 Siege Engineers
67:42 Hussar
69:21 Plate Mail Armor
79:19 Cavalier
85:51 Caravan
BB
5:25 Loom
7:00 Loom
10:13 Feudal Age
10:22 Man-at-Arms
11:50 Double-Bit Axe
11:46 Horse Collar
12:28 Scale Mail Armor
15:50 Forging
20:21 Castle Age
19:34 Gold Mining
19:35 Stone Mining
20:29 Long Swordsman
21:30 Chain Mail Armor
22:04 Squires
24:07 Wheelbarrow
28:22 Elite Skirmisher
29:43 Iron Casting
28:59 Fletching
30:15 Pikeman
32:13 Hand Cart
33:26 Bodkin Arrow
36:14 Heavy Plow
36:28 Bow Saw
36:55 Gold Shaft Mining
36:27 Padded Archer Armor
36:35 Town Watch
41:42 Imperial Age
44:35 Blast Furnace
43:34 Heavy Scorpion
45:39 Leather Archer Armor
46:19 Siege Engineers
47:38 Ballistics
48:37 Ballistas
49:14 Caravan
49:25 Town Patrol
50:21 Conscription
51:38 Legionary
64:44 Comitatenses
73:58 Halberdier
94:37 Elite Centurion
Connection lost

Rejoining the realm…

Still unreachable

The connection could not be restored.

Session expired

The server has moved on; the page needs a fresh start.